 Dungeon Crawl Stone Soup version 0.29-a0-817-g9904bce7a6 (webtiles) character file.

Game seed: 8532298973777530079

2234 Mgcat the Cleaver (level 9, -6/145 HPs)
             Began as an Ogre Berserker on July 5, 2022.
             Was a Priest of Trog.
             Mangled by a vampire mosquito (13 damage)
             ... on level 6 of the Dungeon.
             The game lasted 00:08:48 (5837 turns).

Mgcat the Cleaver (Ogre Berserker)                  Turns: 5837, Time: 00:08:49

Health: -6/145     AC: -8    Str: 27    XL:     9   Next: 36%
Magic:  9/9        EV: 11    Int:  8    God:    Trog [***...]
Gold:   306        SH:  0    Dex:  8    Spells: 8/8 levels left

rFire   . . .      SeeInvis .   a - +0 hand axe
rCold   . . .      Faith    .   (no shield)
rNeg    . . .      Spirit   .   q - +1 robe of Vines {NoPotionHeal Regen++++}
rPois   .          Reflect  .   (helmet restricted)
rElec   .          Harm     .   (no cloak)
rCorr   .          Rampage  .   (gloves unavailable)
Will    .....                   (boots unavailable)
Stlth   ..........              p - amulet of regeneration {+regen, !d}
HPRegen 4.34/turn               i - ring of flight {+Fly, !d}
MPRegen 0.11/turn               (no ring)

@: berserking (expiring), corroded, flying, very quick
A: large, unfitting armour, tough skin 1
a: Renounce Religion, Berserk, Trog's Hand


You were on level 6 of the Dungeon.
You worshipped Trog.
Trog was most pleased with you.
You visited 1 branch of the dungeon, and saw 6 of its levels.
You also visited: Ossuary.

You collected 306 gold pieces.

Inventory:

Hand Weapons
 a - a +0 hand axe (weapon)
Missiles
 s - a throwing net {=f, !d}
 u - 6 curare-tipped darts
Armour
 q - the +1 robe of Vines (worn) {NoPotionHeal Regen++++}
   (You found it on level 3 of the Dungeon)

   Its wearer cannot be healed by potions.
   Regen:     It increases your rate of health regeneration.
Jewellery
 i - a ring of flight (left hand) {+Fly, !d}
   (You took it off a hobgoblin on level 1 of the Dungeon)
 p - an amulet of regeneration (around neck) {+regen, !d}
   (You found it on level 5 of the Dungeon)
Wands
 b - a wand of light (6)
   (You found it on level 4 of the Dungeon)
 c - a wand of polymorph (4)
   (You found it on level 4 of the Dungeon)
Scrolls
 g - 3 scrolls of teleportation
 r - a scroll of fog
 v - a scroll of enchant armour
 w - a scroll of summoning
Potions
 d - 2 potions of flight {unknown}
 e - 4 potions of brilliance {unknown}
 f - 6 potions of curing {unknown}
 h - 2 potions of haste {unknown}
 j - 2 potions of invisibility
 k - a potion of lignification {unknown}
 l - 2 potions of mutation {unknown}
 m - a potion of might {unknown}
 n - 2 potions of heal wounds {unknown}
 o - 2 potions of cancellation
 t - 2 potions of attraction {unknown}


   Skills:
 + Level 8.9 Fighting
 * Level 9.2 Axes
 + Level 6.1 Dodging


You had 8 spell levels left.
You didn't know any spells.
Your spell library was empty.

Dungeon Overview and Level Annotations

Branches:
Dungeon (6/15)             Temple (0/1) D:4         Ossuary (visited)

Altars:
Ashenzari
Gozag
Nemelex Xobeh
Qazlal
Trog
Wu Jian


Innate Abilities, Weirdness & Mutations

You are too large for most types of armour.
You have tough skin. (AC +1)


Message History

You are too injured to fight recklessly!
Lua error: [string "/dgldir/rcfiles/crawl-git/Mgcat.rc"]:930: invalid capture index You miss the vampire mosquito.
The vampire mosquito is lightly damaged.
You barely miss the vampire mosquito.
The jelly quivers.
The vampire mosquito closely misses you. x2
You regained 2 hp, and now have 107/145 hp.
Spoiler Alert: The jelly can corrode equipment in melee!
You slash the vampire mosquito!
The vampire mosquito is moderately damaged.
You closely miss the vampire mosquito. The vampire mosquito bites you!
The vampire mosquito draws strength from your injuries!
The vampire mosquito bites you!
The vampire mosquito draws strength from your injuries!
You take 17 damage, and have 90/145 hp.
Spoiler Alert: The jelly can corrode equipment in melee!
You closely miss the vampire mosquito.
The vampire mosquito is lightly damaged.
You barely miss the vampire mosquito. The vampire mosquito barely misses you.
The vampire mosquito bites you.
The vampire mosquito draws strength from your injuries!
You take 2 damage, and have 88/145 hp.
Spoiler Alert: The jelly can corrode equipment in melee!
You hit the vampire mosquito but do no damage. x2
The vampire mosquito barely misses you. The vampire mosquito bites you!
The vampire mosquito draws strength from your injuries!
You take 9 damage, and have 79/145 hp.
You barely miss the vampire mosquito. You slash the vampire mosquito!
The vampire mosquito misses you. The vampire mosquito bites you.
The vampire mosquito draws strength from your injuries!
You take 1 damage, and have 78/145 hp.
Spoiler Alert: The jelly can corrode equipment in melee!
You barely miss the vampire mosquito. You hit the vampire mosquito.
The vampire mosquito closely misses you.
The vampire mosquito bites you!
The vampire mosquito draws strength from your injuries!
You take 10 damage, and have 68/145 hp.
You closely miss the vampire mosquito. You hit the vampire mosquito.
The vampire mosquito bites you.
The vampire mosquito draws strength from your injuries!
The vampire mosquito bites you!
The vampire mosquito draws strength from your injuries!
The vampire mosquito misses you.
You take 8 damage, and have 60/145 hp.
Spoiler Alert: The jelly can corrode equipment in melee!
You completely miss the vampire mosquito.
You closely miss the vampire mosquito. The vampire mosquito bites you.
The vampire mosquito draws strength from your injuries!
The vampire mosquito closely misses you.
You take 1 damage, and have 59/145 hp.
You completely miss the vampire mosquito.
You hit the vampire mosquito but do no damage.
The vampire mosquito bites you!
The vampire mosquito draws strength from your injuries!
You take 11 damage, and have 48/145 hp.
Spoiler Alert: The jelly can corrode equipment in melee!
You miss the vampire mosquito. You hit the vampire mosquito.
The vampire mosquito bites you!
* * * LOW HITPOINT WARNING * * *
The vampire mosquito draws strength from your injuries!
The vampire mosquito closely misses you. x2
You take 10 damage, and have 38/145 hp.
Spoiler Alert: The jelly can corrode equipment in melee!
You hit the vampire mosquito.
The vampire mosquito is lightly damaged.
You hit the jelly but do no damage.
Your hands burn!
* * * LOW HITPOINT WARNING * * *
You hit the vampire mosquito. The vampire mosquito barely misses you.
The vampire mosquito bites you.
* * * LOW HITPOINT WARNING * * *
The vampire mosquito draws strength from your injuries!
The vampire mosquito closely misses you.
You take 5 damage, and have 33/145 hp.
Spoiler Alert: The jelly can corrode equipment in melee!
You hit the vampire mosquito but do no damage.
The vampire mosquito is lightly damaged.
You hit the jelly.
Your hands burn!
* * * LOW HITPOINT WARNING * * *
You hit the vampire mosquito. The vampire mosquito bites you!
* * * LOW HITPOINT WARNING * * *
The vampire mosquito draws strength from your injuries!
The jelly hits you.
* * * LOW HITPOINT WARNING * * *
You are splashed with acid!
* * * LOW HITPOINT WARNING * * *
The vampire mosquito closely misses you.
You take 23 damage, and have 10/145 hp.
Spoiler Alert: The jelly can corrode equipment in melee!
You slash the vampire mosquito!
The vampire mosquito is moderately damaged.
You slash the jelly!
Your hands burn!
* * * LOW HITPOINT WARNING * * *
You slash the vampire mosquito!
The vampire mosquito closely misses you. x2
You take 3 damage, and have 7/145 hp.
Spoiler Alert: The jelly can corrode equipment in melee!
The vampire mosquito attacks as you move away!
The vampire mosquito bites you!
You die...

##
†#######################
.....................!..
...#..#..#..#..#..#..#..
.................J......
...#..#..#..#..#@y#..#.
.................y......
########################


You could see 2 vampire mosquitoes and a jelly.

Vanquished Creatures
  A water moccasin (D:6)
  2 black bears (D:6)
  3 ice beasts (D:5)
  A sky beast (D:4)
  2 ogres
  A kobold brigand (D:6)
  11 scorpions (Ossuary)
  2 howler monkeys (D:6)
  3 centaur zombies (Ossuary)
  A hound (D:4)
  A human zombie (Ossuary)
  A gnoll bouda (D:5)
  An orc priest (D:3)
  A jelly (D:6)
  An iguana (D:6)
  4 scorpion zombies (Ossuary)
  3 mummies (Ossuary)
  Robin (D:2)
  8 gnolls
  3 adders
  An ufetubus (D:5)
  A worm (D:2)
  3 dart slugs
  4 orcs
  4 ball pythons
  2 bats
  6 endoplasms
  2 giant cockroaches
  15 goblins
  10 hobgoblins
  2 quokkas (D:1)
  4 frilled lizards
  A gnoll zombie (Ossuary)
  A goblin zombie (Ossuary)
  2 hobgoblin zombies (Ossuary)
  11 kobolds
  A kobold zombie (Ossuary)
  An orc zombie (Ossuary)
  2 rats
124 creatures vanquished.

Notes
Turn   | Place    | Note
-------+----------+-------------------------------------------
     0 | D:1      | Mgcat the Ogre Berserker began the quest for the Orb.
     0 | D:1      | Reached XP level 1. HP: 24/24 MP: 1/1
    92 | D:1      | Reached XP level 2. HP: 32/32 MP: 2/2
   671 | D:1      | Reached skill level 3 in Dodging
   676 | D:1      | Reached XP level 3. HP: 34/40 MP: 3/3
  1226 | D:2      | Noticed Robin
  1229 | D:2      | Reached ** piety under Trog
  1236 | D:2      | Killed Robin
  1247 | D:2      | Reached skill level 4 in Axes
  1249 | D:2      | Reached XP level 4. HP: 27/45 MP: 4/4
  1287 | D:2      | HP: 9/45 [goblin/+0 club[Robin] (3)]
  2355 | D:2      | Found a faded altar of an unknown god.
  2544 | D:3      | Found the +1 robe of Vines {NoPotionHeal Regen++++}
  2633 | D:3      | Found a stormy altar of Qazlal.
  2764 | D:3      | Reached skill level 5 in Fighting
  2764 | D:3      | Reached XP level 5. HP: 57/57 MP: 5/5
  3215 | D:4      | Found a sand-covered staircase.
  3223 | Ossuary  | Entered an ossuary
  3244 | Ossuary  | Reached skill level 5 in Axes
  3244 | Ossuary  | Reached XP level 6. HP: 66/66 MP: 6/6
  3384 | Ossuary  | Reached skill level 4 in Dodging
  3387 | Ossuary  | Reached skill level 6 in Fighting
  3434 | Ossuary  | Reached XP level 7. HP: 74/75 MP: 7/7
  3518 | Ossuary  | Reached skill level 6 in Axes
  3761 | Ossuary  | Reached skill level 7 in Fighting
  3761 | Ossuary  | Reached skill level 7 in Axes
  3761 | Ossuary  | Reached XP level 8. HP: 87/87 MP: 8/8
  3766 | Ossuary  | Reached skill level 5 in Dodging
  4244 | D:4      | Found a staircase to the Ecumenical Temple.
  4540 | D:5      | Entered Level 5 of the Dungeon
  4704 | D:5      | Found an ornate altar of the Wu Jian Council.
  4725 | D:5      | Reached skill level 8 in Axes
  4789 | D:5      | Reached skill level 8 in Fighting
  4894 | D:5      | Reached *** piety under Trog
  5144 | D:5      | Reached XP level 9. HP: 77/97 MP: 9/9
  5417 | D:6      | Found a broken altar of Ashenzari.
  5417 | D:6      | Found an opulent altar of Gozag.
  5418 | D:6      | Found a bloodstained altar of Trog.
  5418 | D:6      | Found a sparkling altar of Nemelex Xobeh.
  5528 | D:6      | Reached skill level 9 in Axes
  5528 | D:6      | Reached skill level 6 in Dodging
  5834 | D:6      | HP: 33/145 [acid (5)]
  5835 | D:6      | HP: 10/145 [acid (8)]
  5837 | D:6      | Mangled by a vampire mosquito

Illustrated notes

Levels and vault maps discovered:
D:1:      onia_arrival_pentagram, layout_loops_ring
D:2:      layout_basic, dreamdust_ecumenical_altar_statues, uniq_robin
D:3:      layout_rooms, grunt_qazlal_clouds
D:4:      layout_loops_ring, minmay_temple_entry_drinking_statues,
          enter_ossuary_2, minivault_11
D:5:      layout_loops_ring, mainiacjoe_overflow_paths
D:6:      wad_pebble_path, layout_basic,
          chequers_temple_overflow_statue_of_worship, columned_hall_lemuel

Skill      XL: |  1  2  3  4  5  6  7  8  9 |
---------------+----------------------------+-----
Dodging        | 3 4 5 6 |  6.1
Axes           | 4 5 7 8 9 |  9.2
Fighting       | 5 6 7 8 |  8.9

Action                   |  1- 3 |  4- 6 |  7- 9 || total
-------------------------+-------+-------+-------++-------
Melee: Hand axe          |    89 |   130 |   306 ||   525
       Punch             |       |     1 |     4 ||     5
Invok: Berserk           |     3 |     5 |    10 ||    18
  Use: Scroll            |       |     8 |     6 ||    14
Armor: Animal skin       |    35 |     5 |       ||    40
       Robe              |       |    25 |    75 ||   100
Dodge: Dodged            |    55 |    59 |   171 ||   285

Table legend: (Time is in decaauts)
 A = Elapsed time spent in this place.
 B = Non-inter-level travel time spent in this place.
 C = Inter-level travel time spent in this place.
 D = Time resting spent in this place.
 E = Time spent auto-exploring this place.
 F = Levels seen in this place.
 G = Mean time per level.
                   A        B        C        D        E       F      G
               +--------+--------+--------+--------+--------+-----+--------+
         Total |   5968 |   5805 |    163 |   1823 |   2892 |   7 |  852.6 |
       Dungeon |   5164 |   5001 |    163 |   1422 |   2764 |   6 |  860.7 |
       Ossuary |    804 |    804 |      0 |    400 |    128 |   1 |  804.0 |
               +--------+--------+--------+--------+--------+-----+--------+

Top non-repeatable levels by time:
     D:2: 1398 daAuts
     D:1: 1135 daAuts
     D:5: 864 daAuts
 Ossuary: 804 daAuts
     D:4: 754 daAuts
     D:3: 560 daAuts
     D:6: 450 daAuts

Table legend:
 A = Kills in this place as a percentage of kills in entire the game.
 B = Kills by you in this place as a percentage of kills by you in the entire game.
 C = Kills by friends in this place as a percentage of kills by friends in the entire game.
 D = Other kills in this place as a percentage of other kills in the entire game.
 E = Experience gained in this place as a percentage of experience gained in the entire game.
 F = Experience gained in this place divided by the number of levels of this place that you have seen.
                   A       B       C       D       E      F
               +-------+-------+-------+-------+-------+----------------------
         Total | 100.0 | 100.0 |   N/A |   N/A | 100.0 | 456.0
       Dungeon |  77.4 |  77.4 |   N/A |   N/A |  59.1 | 314.2
       Ossuary |  22.6 |  22.6 |   N/A |   N/A |  40.9 | 1307.0
               +-------+-------+-------+-------+-------+----------------------
